[Event "Elitserien Allsvenskan 2018-19"]
[Site "Sweden"]
[Date "2019.03.30"]
[Round "8.4"]
[White "Ornstein, Axel"]
[Black "Ernst, Thomas"]
[Result "1-0"]
[ECO "D45"]
[WhiteElo "2303"]
[BlackElo "2330"]
[Annotator "NA"]
[PlyCount "85"]
[EventDate "2018.11.09"]
[EventType "team-tourn"]
[EventCountry "SWE"]
[SourceTitle "playchess.com"]
[Source "ChessBase"]
[SourceQuality "1"]
[TimeControl "40/5400+30:1800+30"]

1. d4 d5 2. c4 c6 3. Nc3 Nf6 4. e3 e6 5. Nf3 Nbd7 6. Qc2 Bd6 7. Bd3 O-O 8. O-O dxc4 9. Bxc4 b5 10. Be2 Bb7 11. Rd1 Qe7 {[%emt 0:03:04] D46: Semi-Slav: 5 e3 Nbd7 6 Bd3, Black avoids the Meran} (11... Qc7 12. Bd2 a5 13. Rac1 Rac8 14. Ne4 Nxe4 15. Qxe4 c5 16. Qh4 Bxf3 17. Bxf3 b4 18. dxc5 Nxc5 19. a3 Qd8 20. Qxd8 Rcxd8 21. axb4 {½-½ (66) Bocharov,D (2594)-Vitiugov,N (2740) Sochi 2018}) 12. b3 a6 13. a4 Rfc8 $146 ({Predecessor:} 13... Rac8 14. Bb2 b4 15. Ne4 Nxe4 16. Qxe4 a5 17. Nd2 Nb6 18. Rac1 {1-0 (33) Moiseenko,V (2231)-Burdyko,A (2105) Dagomys 2009}) 14. Ne4 Nxe4 15. Qxe4 e5 16. axb5 axb5 17. Rxa8 Bxa8 18. dxe5 Nxe5 19. Nxe5 Qxe5 20. Qxe5 Bxe5 21. Ba3 Bf6 22. Bc5 Rd8 23. Rxd8+ Bxd8 24. Bg4 g6 25. e4 Bb7 26. f4 f5 27. exf5 Bc8 28. Bf3 Bxf5 29. Bxc6 Be6 30. b4 Bc4 31. Kf2 Kf7 32. Bd7 Be7 33. Bxe7 Kxe7 34. Bg4 Kd6 35. Ke3 Bd5 36. g3 h6 37. Kd4 $18 Bc6 38. Be2 Bd7 39. Bd3 Be8 40. h4 h5 41. Bc2 Bf7 42. Be4 Be8 43. Bd3 {[%emt 0:00:06] Kd5+ Ke4+} 1-0

[Event "Elitserien Allsvenskan 2018-19"]
[Site "Sweden"]
[Date "2019.03.30"]
[Round "8.5"]
[White "Brynell, Stellan"]
[Black "Bergstrom, Peter"]
[Result "1-0"]
[ECO "B10"]
[WhiteElo "2403"]
[BlackElo "2299"]
[Annotator "ChessBase"]
[PlyCount "79"]
[EventDate "2018.11.09"]
[EventType "team-tourn"]
[EventCountry "SWE"]
[SourceTitle "playchess.com"]
[Source "ChessBase"]
[SourceQuality "1"]
[TimeControl "40/5400+30:1800+30"]

1. e4 c6 2. c4 d5 3. exd5 cxd5 4. cxd5 Nf6 5. Nc3 g6 6. d4 Bg7 7. Bb5+ Nbd7 8. d6 e6 9. Nf3 O-O 10. O-O a6 11. Be2 b5 12. Ne5 Bb7 13. Bf3 Bxf3 14. Qxf3 Nb6 15. Bg5 h6 16. Nc6 hxg5 17. Nxd8 Rfxd8 18. Rac1 Nc4 19. Qe2 Nxd6 20. Rfd1 Nf5 21. Ne4 Nxd4 22. Nxf6+ Bxf6 23. Qe4 Ra7 24. g3 Rad7 25. Kg2 Kg7 26. h3 Kg8 27. b3 Kg7 28. Rd3 Ra7 29. Rdc3 Rdd7 30. Rd3 Rd8 31. Rdc3 Rdd7 32. Rc8 a5 33. Ra8 a4 34. bxa4 bxa4 35. Rxa7 Rxa7 36. Rc4 Nb5 37. Qe3 Ra8 38. Rb4 Nc3 39. Rb7 Ra6 40. Qd3 1-0

[Event "Elitserien Allsvenskan 2018-19"]
[Site "Sweden"]
[Date "2019.03.30"]
[Round "8.5"]
[White "Mauritsson, Sebastian"]
[Black "Isaksson, Henrik"]
[Result "1-0"]
[ECO "C36"]
[WhiteElo "2327"]
[BlackElo "2086"]
[Annotator "ChessBase"]
[PlyCount "85"]
[EventDate "2018.11.09"]
[EventType "team-tourn"]
[EventCountry "SWE"]
[SourceTitle "playchess.com"]
[Source "ChessBase"]
[SourceQuality "1"]
[TimeControl "40/5400+30:1800+30"]

1. e4 e5 2. f4 d5 3. exd5 exf4 4. Nf3 Nf6 5. Bc4 Bd6 6. O-O O-O 7. d4 c6 8. dxc6 Nxc6 9. Nc3 Bg4 10. Kh1 Rc8 11. Ne2 Nh5 12. c3 Qf6 13. Bd3 Rfe8 14. Bd2 Rc7 15. Be1 g5 16. Bf2 Bf5 17. Kg1 Rce7 18. Re1 Ng7 19. Qc2 Bxd3 20. Qxd3 Nf5 21. d5 Ne5 22. Nxe5 Rxe5 23. c4 b6 24. Nc3 Ne3 25. Re2 f3 26. gxf3 Qxf3 27. Bg3 Bc5 28. Rf2 Qg4 29. Na4 Nxc4 30. Nxc5 bxc5 31. Raf1 Ne3 32. Rxf7 Re4 33. R1f2 Qd1+ 34. Qxd1 Nxd1 35. R2f6 Nxb2 36. d6 Rd4 37. Re7 Rd8 38. Rff7 Rd1+ 39. Kg2 R8xd6 40. Rg7+ Kf8 41. Ref7+ Ke8 42. Bxd6 Rxd6 43. Rxa7 1-0

[Event "Elitserien Allsvenskan 2018-19"]
[Site "Sweden"]
[Date "2019.03.30"]
[Round "8.5"]
[White "Hjelm, Niclas"]
[Black "Gajic, Mladen"]
[Result "0-1"]
[ECO "A40"]
[WhiteElo "2323"]
[BlackElo "2322"]
[Annotator "ChessBase"]
[PlyCount "82"]
[EventDate "2018.11.09"]
[EventType "team-tourn"]
[EventCountry "SWE"]
[SourceTitle "playchess.com"]
[Source "ChessBase"]
[SourceQuality "1"]
[TimeControl "40/5400+30:1800+30"]

1. d4 e6 2. c4 f5 3. Nf3 Nf6 4. Bg5 h6 5. Bxf6 Qxf6 6. Nc3 Bb4 7. Rc1 b6 8. g3 Bb7 9. Bg2 O-O 10. O-O Bxc3 11. Rxc3 d6 12. Qa4 Bc6 13. Qb3 Be4 14. Rd1 c5 15. Rd2 Nc6 16. Qd1 Rad8 17. d5 exd5 18. cxd5 Ne7 19. Ne1 Bxg2 20. Nxg2 g5 21. Re3 Qf7 22. f4 Ng6 23. Rdd3 Rfe8 24. Qd2 gxf4 25. Nxf4 Nxf4 26. Rxe8+ Rxe8 27. Qxf4 Qf6 28. Re3 Rxe3 29. Qxe3 Kg7 30. Kg2 c4 31. Qe8 Qe5 32. Qxe5+ dxe5 33. e4 b5 34. exf5 b4 35. Kf3 a5 36. d6 Kf7 37. Ke3 a4 38. g4 a3 39. bxa3 b3 40. axb3 cxb3 41. Kd2 e4 0-1

[Event "Elitserien Allsvenskan 2018-19"]
[Site "Sweden"]
[Date "2019.03.30"]
[Round "8.5"]
[White "Drugge, Patrik"]
[Black "Arman, Deniz"]
[Result "0-1"]
[ECO "B06"]
[WhiteElo "2187"]
[BlackElo "2346"]
[Annotator "ChessBase"]
[PlyCount "54"]
[EventDate "2018.11.09"]
[EventType "team-tourn"]
[EventCountry "SWE"]
[SourceTitle "playchess.com"]
[Source "ChessBase"]
[SourceQuality "1"]
[TimeControl "40/5400+30:1800+30"]

1. e4 g6 2. d4 c6 3. Nf3 d5 4. exd5 cxd5 5. c4 Nf6 6. Nc3 Bg7 7. c5 O-O 8. Bf4 b6 9. b4 a5 10. b5 bxc5 11. dxc5 Ne4 12. Nxe4 dxe4 13. Qxd8 Rxd8 14. Ne5 g5 15. Bg3 f5 16. Bc4+ e6 17. O-O f4 18. Rad1 Re8 19. Rfe1 Bxe5 20. Rxe4 Bf6 21. Bxf4 gxf4 22. Rxf4 Nd7 23. c6 Nb6 24. Bb3 a4 25. Bc2 Kf7 26. Bxh7 e5 27. Rf3 Bg4 0-1

[Event "Elitserien Allsvenskan 2018-19"]
[Site "Sweden"]
[Date "2019.03.30"]
[Round "8.6"]
[White "Seo, Jung Min"]
[Black "Ottenklev, Niklas"]
[Result "0-1"]
[ECO "C04"]
[WhiteElo "2386"]
[BlackElo "2154"]
[Annotator "NA"]
[PlyCount "86"]
[EventDate "2018.11.09"]
[EventType "team-tourn"]
[EventCountry "SWE"]
[SourceTitle "playchess.com"]
[Source "ChessBase"]
[SourceQuality "1"]
[TimeControl "40/5400+30:1800+30"]

1. e4 e6 2. d4 d5 3. Nd2 Nc6 4. Ngf3 Nf6 5. e5 Nd7 6. c3 f6 7. exf6 Qxf6 8. Nb3 a5 9. Bg5 Qf7 10. Nbd2 Bd6 11. Be3 e5 12. Be2 O-O 13. Qc2 e4 14. Ng5 Qg6 15. h4 Bf4 16. O-O-O Bxe3 17. fxe3 Rf2 18. Ndxe4 Rxe2 19. Qxe2 h6 20. h5 Qe8 21. Qd3 dxe4 22. Nxe4 Nb6 23. Nc5 Bg4 24. Rdf1 Bxh5 25. e4 Bg6 26. Qg3 Na4 27. Nd3 Qxe4 28. Rd1 Rf8 29. Rh4 Qf5 30. Rf4 Qg5 31. Qxg5 hxg5 32. Rxf8+ Kxf8 33. d5 Ne7 34. Nf2 Nf5 35. g4 Nd6 36. Rd4 Nc5 37. b4 axb4 38. cxb4 Na4 39. Nh3 Nc3 40. Kb2 Nce4 41. a4 Ke7 42. Rd1 Be8 43. Kb3 Bxa4+ 0-1

[Event "Elitserien Allsvenskan 2018-19"]
[Site "Sweden"]
[Date "2019.03.30"]
[Round "8.6"]
[White "Landgren, Andreas"]
[Black "Schneider, Stefan"]
[Result "0-1"]
[ECO "E33"]
[WhiteElo "2255"]
[BlackElo "2370"]
[Annotator "NA"]
[PlyCount "80"]
[EventDate "2018.11.09"]
[EventType "team-tourn"]
[EventCountry "SWE"]
[SourceTitle "playchess.com"]
[Source "ChessBase"]
[SourceQuality "1"]
[TimeControl "40/5400+30:1800+30"]

1. d4 Nf6 2. c4 e6 3. Nc3 Bb4 4. Qc2 Nc6 5. Nf3 d6 6. Bd2 Qe7 7. a3 Bxc3 8. Bxc3 O-O 9. e3 a5 10. b3 e5 11. dxe5 dxe5 12. Be2 Bg4 13. O-O Rfe8 14. h3 Bh5 15. Qb2 Ne4 16. Be1 Nc5 17. b4 Bxf3 18. gxf3 $15 Qh4 19. Kh2 Ne6 20. Rg1 Ng5 21. Rg3 f5 22. b5 Nd8 23. Bc3 Ndf7 24. c5 Re6 25. Rag1 Rg6 26. Bxe5 Nxh3 27. Bf6 Nhg5+ 28. Kg2 gxf6 29. Rh1 Qa4 30. Bd1 Qc4 31. Bb3 Qxc5 32. Rc1 Qe7 33. Qc2 Rf8 34. Qxf5 Qxa3 35. Bd5 Qxc1 36. f4 Kg7 37. fxg5 Rxg5 38. Bxf7 Rxg3+ 39. Kxg3 Qg1+ 40. Kf3 Rxf7 0-1

[Event "Elitserien Allsvenskan 2018-19"]
[Site "Sweden"]
[Date "2019.03.30"]
[Round "8.6"]
[White "Malesevic, Nedeljko"]
[Black "Ong, Kezli"]
[Result "1-0"]
[ECO "E10"]
[WhiteElo "2252"]
[BlackElo "2330"]
[Annotator "NA"]
[PlyCount "97"]
[EventDate "2018.11.09"]
[EventType "team-tourn"]
[EventCountry "SWE"]
[SourceTitle "playchess.com"]
[Source "ChessBase"]
[SourceQuality "1"]
[TimeControl "40/5400+30:1800+30"]

1. d4 Nf6 2. c4 e6 3. Nf3 d5 4. cxd5 exd5 5. Bg5 Be7 6. Nc3 O-O 7. Qc2 c6 8. e3 Nbd7 9. Bd3 g6 10. O-O Re8 11. Bf4 {[%emt 0:04:53] D36: Queen's Gambit Declined: Exchange Variation: Main line (5 Bg5 c6 6 Qc2)} (11. Rab1 Nb6 12. Ne5 a5 13. Rbe1 Ng4 14. Bxe7 Qxe7 15. f4 Nh6 16. e4 dxe4 17. Nxe4 Bf5 18. Ng3 Bxd3 19. Qxd3 {½-½ (49) Shtembuliak,E (2501)-Rambaldi,F (2563) Columbus 2017}) 11... Nh5 12. Nxd5 Nxf4 13. Nxf4 Bd6 14. Rfe1 $146 ({Predecessor:} 14. Ne2 Nf6 15. e4 Bc7 16. h3 Bd7 17. Nc3 Qc8 18. e5 Nh5 19. Ng5 Nf4 20. Nce4 Kg7 21. Nf6 Rh8 22. Bc4 Ne6 23. Nf3 Bd8 24. Qc3 Nf4 25. Qd2 g5 {1-0 (25) Knechtel,R-Angerer,M Untergriesbach 2003}) 14... Nf6 15. h3 Qa5 16. a3 Bd7 17. Bc4 Bxf4 18. exf4 Nd5 19. Re5 Kg7 20. b4 Qb6 21. Rae1 Nxf4 22. Rxe8 Bxe8 23. Re7 Nd5 24. Bxd5 cxd5 25. Qe2 Bb5 26. Qe5+ Qf6 27. Ng5 Qxe5 28. dxe5 Be8 29. Ne6+ Kg8 30. Nd4 Rb8 31. b5 h6 32. Rc7 h5 33. f4 h4 34. Kf2 a6 35. b6 Bb5 36. Kf3 Bd3 37. Kg4 Bf1 38. Kxh4 Bxg2 39. Kg4 Be4 40. Kg5 Bg2 41. h4 Bh3 42. Kf6 Be6 43. h5 gxh5 44. f5 Bc8 45. Rxf7 h4 46. e6 h3 47. Nf3 d4 48. Rg7+ Kh8 49. Ne5 1-0

[Event "Elitserien Allsvenskan 2018-19"]
[Site "Sweden"]
[Date "2019.03.30"]
[Round "8.7"]
[White "Jepson, Christian"]
[Black "Norberg, Johan"]
[Result "1/2-1/2"]
[ECO "B09"]
[WhiteElo "2391"]
[BlackElo "2305"]
[Annotator "ChessBase"]
[PlyCount "85"]
[EventDate "2018.11.09"]
[EventType "team-tourn"]
[EventCountry "SWE"]
[SourceTitle "playchess.com"]
[Source "ChessBase"]
[SourceQuality "1"]
[TimeControl "40/5400+30:1800+30"]

1. d4 d6 2. e4 Nf6 3. Nc3 g6 4. f4 Bg7 5. Nf3 c5 6. dxc5 Qa5 7. Qd4 dxc5 8. Qc4 O-O 9. e5 Be6 10. Qa4 Qxa4 11. Nxa4 Nfd7 12. Be3 b6 13. O-O-O h6 14. Nc3 Nc6 15. Bb5 Rac8 16. h3 Ndb8 17. g4 Rfd8 18. Rhg1 Rxd1+ 19. Rxd1 Rd8 20. Rxd8+ Nxd8 21. Bd3 Ndc6 22. a3 Kf8 23. Be4 Bd7 24. Nd5 Na5 25. f5 e6 26. Nxb6 axb6 27. f6 Nc4 28. Bf4 Bc6 29. Bxc6 Nxc6 30. fxg7+ Kxg7 31. h4 g5 32. hxg5 hxg5 33. Bxg5 N4xe5 34. Nxe5 Nxe5 35. Bd8 b5 36. b3 c4 37. a4 cxb3 38. axb5 bxc2 39. b6 Nd7 40. b7 f5 41. g5 Kg6 42. Kxc2 f4 43. Kd2 1/2-1/2

[Event "Elitserien Allsvenskan 2018-19"]
[Site "Sweden"]
[Date "2019.03.30"]
[Round "8.7"]
[White "Sorensen, Hampus"]
[Black "Cramling, Dan"]
[Result "1-0"]
[ECO "A57"]
[WhiteElo "2319"]
[BlackElo "2322"]
[Annotator "NA"]
[PlyCount "119"]
[EventDate "2018.11.09"]
[EventType "team-tourn"]
[EventCountry "SWE"]
[SourceTitle "playchess.com"]
[Source "ChessBase"]
[SourceQuality "1"]
[TimeControl "40/5400+30:1800+30"]

1. d4 Nf6 2. c4 c5 3. d5 b5 4. Qc2 Na6 5. a3 {[%emt 0:03:42] A57: Benko/Volga Gambit} bxc4 6. e4 e6 7. Bxc4 (7. Nc3 exd5 8. exd5 Bd6 {Predecessor:} 9. Bxc4 O-O 10. Nge2 (10. Nf3 Re8+ 11. Be3 Bf4 12. O-O Bxe3 13. fxe3 {½-½ (25) Giemsa,S (2267)-Popovics,A (2423) Germany 2012}) 10... Nc7 11. O-O Re8 12. Qd3 Rb8 {½-½ (40) Mamedyarov,S (2766)-Mihok,O (2505) chess.com INT 2017}) 7... exd5 8. exd5 Bd6 9. Qe2+ $146 Qe7 10. Nc3 O-O 11. Qxe7 Bxe7 12. Bf4 Nh5 13. Be3 d6 14. Nb5 f5 15. f3 Bd7 16. Ne2 Rab8 17. Nec3 Rb6 (17... Rb7 $11) 18. O-O f4 19. Bf2 Bf6 20. a4 Rfb8 21. Rac1 R8b7 22. g4 fxg3 23. hxg3 Bxb5 24. axb5 Nc7 25. Bxc5 Bxc3 26. bxc3 dxc5 27. d6+ Kf8 28. dxc7 Rxc7 29. Kg2 Rd6 30. Rfd1 Rxd1 31. Rxd1 Nf6 32. g4 Nd7 33. f4 Nb6 34. Be6 Ke7 35. f5 Na4 36. c4 h6 37. Kf3 Nb6 38. Kf4 Kf6 39. Rd8 Ke7 40. Rg8 Kf6 41. Rf8+ Ke7 42. Rf7+ Kd6 43. Rxc7 Kxc7 44. Ke5 Na4 45. f6 $2 (45. Bd5 $18) 45... gxf6+ 46. Kxf6 Kd6 47. Bg8 Nc3 (47... Nb6 $1 $11) 48. Bh7 Nd1 $1 49. Bd3 Nf2 50. Be2 Ne4+ 51. Kg6 Ke5 52. Kxh6 Kf4 53. Kg6 Nc3 54. Bf1 Kxg4 55. Kf6 Kf4 56. Ke6 Ke4 57. Kd6 Nxb5+ $1 58. cxb5 Kd4 59. Bh3 c4 {[%emt 0:01:19] [#]} 60. Be6 1-0

[Event "Elitserien Allsvenskan 2018-19"]
[Site "Sweden"]
[Date "2019.03.30"]
[Round "8.7"]
[White "Lundin, Jan"]
[Black "Vernersson, Per"]
[Result "1/2-1/2"]
[ECO "D00"]
[WhiteElo "2318"]
[BlackElo "2290"]
[Annotator "NA"]
[PlyCount "71"]
[EventDate "2018.11.09"]
[EventType "team-tourn"]
[EventCountry "SWE"]
[SourceTitle "playchess.com"]
[Source "ChessBase"]
[SourceQuality "1"]
[TimeControl "40/5400+30:1800+30"]

1. d4 d5 2. Bf4 Nf6 3. e3 g6 4. Nf3 Bg7 5. Be2 O-O 6. Ne5 c5 7. c3 $11 Nfd7 8. Nxd7 Nxd7 9. Bf3 cxd4 10. exd4 Nf6 11. Nd2 Bf5 12. O-O Qd7 13. h3 Bd3 14. Re1 b6 15. Re3 Ba6 16. a4 e6 17. a5 Bb5 18. h4 Bc6 19. h5 Rfc8 20. Re1 Ne8 21. Qb3 Qd8 22. hxg6 hxg6 23. Ra2 bxa5 24. Rea1 a4 25. Qd1 a5 26. Qe1 Bf8 27. Bd1 a3 28. b3 Nd6 29. Nb1 Nb5 30. Be2 Qb6 31. Bd3 Bd7 32. Bd2 Nc7 33. Bc2 Nb5 34. Bd3 Nc7 35. Bc2 Nb5 36. Bd3 1/2-1/2

[Event "Elitserien Allsvenskan 2018-19"]
[Site "Sweden"]
[Date "2019.03.30"]
[Round "8.7"]
[White "Jogstad, Martin"]
[Black "Johansson, David"]
[Result "1-0"]
[ECO "A40"]
[WhiteElo "2263"]
[BlackElo "2128"]
[Annotator "NA"]
[PlyCount "125"]
[EventDate "2018.11.09"]
[EventType "team-tourn"]
[EventCountry "SWE"]
[SourceTitle "playchess.com"]
[Source "ChessBase"]
[SourceQuality "1"]
[TimeControl "40/5400+30:1800+30"]

1. d4 Nf6 2. c4 e6 3. g3 c5 4. Nf3 cxd4 5. Nxd4 Bb4+ 6. Bd2 Bc5 7. Nb3 {[%emt 0:02:15] A32: Symmetrical English: 2 Nf3 Nf6 3 d4 cxd4 4 Nxd4 e6} Be7 8. Bg2 Nc6 9. O-O O-O 10. Nc3 a6 11. Bf4 d6 12. Qd2 (12. Rc1 Qc7 13. Nd5 exd5 14. cxd5 Bd7 15. dxc6 bxc6 16. Nd4 c5 17. b4 Qa7 18. Bxa8 Qxa8 19. Nf3 Bh3 20. Re1 {1-0 (56) Adhiban,B (2674)-Bacrot,E (2697) Berlin 2015 CBM 170 [Adhiban,B]}) 12... Nh5 13. Be3 Ne5 14. Qd4 $146 ({Predecessor:} 14. c5 Nc4 15. Qc1 Nxe3 16. Qxe3 {0-1 (60) Skrivanek,J (2110)-Kulhanek,T (2375) Tabor 2011}) 14... Qc7 15. Nd2 Bd7 16. Rac1 Rac8 17. b3 Bc6 18. Nde4 Nf6 19. Rfd1 Nxe4 20. Nxe4 Rfd8 21. Bf4 b6 22. a4 a5 23. h3 h6 24. Be3 f5 25. Nc3 Bxg2 26. Kxg2 Qc6+ 27. Kh2 Rb8 28. Nb5 Bf6 29. Qd2 Nf7 30. Qe1 Ng5 31. Rd3 Ne4 32. Rcd1 Be7 33. f3 Nc5 34. Bxc5 dxc5 35. R1d2 Rxd3 36. Rxd3 Rd8 37. Qd2 Rxd3 38. Qxd3 Kf7 39. e4 g6 40. exf5 gxf5 41. g4 Kg6 42. Kg3 Bf6 43. h4 h5 44. Kf4 hxg4 45. fxg4 e5+ {[%emt 0:00:38] [#]} 46. Ke3 $1 e4 47. gxf5+ Kxf5 48. Qf1+ Ke6 49. Qf4 Kd7 50. h5 Qe6 51. Qc7+ Ke8 52. Nd6+ Kf8 53. Qc8+ Qxc8 54. Nxc8 Bd8 55. Kxe4 Ke8 56. Kf5 Kf7 57. Ke5 $18 Ke8 58. Ke6 Bc7 59. h6 Kf8 60. Kd7 Bf4 61. h7 Kg7 62. Nxb6 Kxh7 63. Kc6 1-0

[Event "Elitserien Allsvenskan 2018-19"]
[Site "Sweden"]
[Date "2019.03.30"]
[Round "8.7"]
[White "Bjorkeroth, Johan"]
[Black "Thorn, Eric"]
[Result "1/2-1/2"]
[ECO "C48"]
[WhiteElo "2118"]
[BlackElo "2256"]
[Annotator "ChessBase"]
[PlyCount "118"]
[EventDate "2018.11.09"]
[EventType "team-tourn"]
[EventCountry "SWE"]
[SourceTitle "playchess.com"]
[Source "ChessBase"]
[SourceQuality "1"]
[TimeControl "40/5400+30:1800+30"]

1. e4 e5 2. Nf3 Nc6 3. Nc3 Nf6 4. Bb5 Bc5 5. O-O O-O 6. Bxc6 dxc6 7. d3 Qe7 8. Be3 Nd7 9. Ne2 Re8 10. Ng3 Nf8 11. Bxc5 Qxc5 12. d4 exd4 13. Qxd4 Ne6 14. Qxc5 Nxc5 15. Nd2 Be6 16. b3 a5 17. Rfd1 a4 18. Ndf1 Red8 19. Rxd8+ Rxd8 20. Ne3 f6 21. Rd1 Rxd1+ 22. Nxd1 Na6 23. Ne2 Nb4 24. Nd4 Bd7 25. Nc3 a3 26. Kf1 c5 27. Nf3 Nxc2 28. Nd2 b5 29. Ke2 Kf7 30. g3 Ke6 31. Kd3 Nb4+ 32. Ke3 Nc2+ 33. Kd3 Nb4+ 34. Ke3 Bc6 35. Ndb1 Nc2+ 36. Kd3 Nb4+ 37. Kd2 Na6 38. Ke3 b4 39. Ne2 g5 40. f4 Bb5 41. Nd2 Nb8 42. fxg5 fxg5 43. Nf3 h6 44. Nfd4+ cxd4+ 45. Nxd4+ Ke5 46. Nxb5 c5 47. Kd3 Nd7 48. Na7 Kd6 49. Nc8+ Kc7 50. Ne7 Ne5+ 51. Kc2 Nf3 52. Nf5 h5 53. h4 gxh4 54. gxh4 Kd7 55. Kd3 Ne5+ 56. Kc2 Nf3 57. Kd3 Ne5+ 58. Kc2 Nf3 59. Kd3 Ne5+ 1/2-1/2

[Event "Elitserien Allsvenskan 2018-19"]
[Site "Sweden"]
[Date "2019.03.30"]
[Round "8.8"]
[White "Moreau, Teodor"]
[Black "Bator, Robert"]
[Result "1-0"]
[ECO "D11"]
[WhiteElo "2332"]
[BlackElo "2369"]
[Annotator "NA"]
[PlyCount "63"]
[EventDate "2018.11.09"]
[EventType "team-tourn"]
[EventCountry "SWE"]
[SourceTitle "playchess.com"]
[Source "ChessBase"]
[SourceQuality "1"]
[TimeControl "40/5400+30:1800+30"]

1. d4 d5 2. c4 c6 3. Nf3 Nf6 4. Qc2 dxc4 5. Qxc4 Bf5 6. g3 e6 7. Bg2 Be7 8. O-O O-O 9. Nc3 Nbd7 10. Qb3 Qb6 {[%emt 0:02:57] D23: Queen's Gambit Accepted: 3 Nf3 Nf6 sidelines} 11. Nd2 Rfd8 12. e4 Bg6 13. Nc4 Qa6 ({Wrong is} 13... Qxd4 $2 14. Be3 $18) 14. Bg5 h6 15. Bh4 Re8 {[%emt 0:07:23] [#]} 16. e5 $146 ({Predecessor:} 16. a4 Bh7 17. f4 Nb6 18. Ne5 {1-0 (51) Kurajica,B (2554)-Golubovic,B (2437) Sibenik 2007}) 16... Bd3 17. Ne3 Nd5 18. Bxe7 Rxe7 19. Ncxd5 cxd5 20. Rfc1 Nb6 21. Rc3 Be2 $16 22. Qc2 Bh5 23. Bf1 Qa4 24. Qd2 Qe8 25. Rac1 Bg6 26. b3 Rc8 27. a4 Rxc3 28. Qxc3 Kh7 29. Qc5 Na8 30. Qxa7 b6 31. Qa6 Qb8 32. Rc8 1-0

[Event "Elitserien Allsvenskan 2018-19"]
[Site "Sweden"]
[Date "2019.03.30"]
[Round "8.8"]
[White "Cederstam Barsk, Carl"]
[Black "Arvidsson, Tomas"]
[Result "1-0"]
[ECO "E95"]
[WhiteElo "2321"]
[BlackElo "2028"]
[Annotator "NA"]
[PlyCount "61"]
[EventDate "2018.11.09"]
[EventType "team-tourn"]
[EventCountry "SWE"]
[SourceTitle "playchess.com"]
[Source "ChessBase"]
[SourceQuality "1"]
[TimeControl "40/5400+30:1800+30"]

1. Nf3 Nf6 2. c4 g6 3. Nc3 Bg7 4. e4 d6 5. d4 O-O 6. Be2 Nbd7 7. O-O e5 8. Re1 exd4 9. Nxd4 Nc5 10. Bf1 a5 11. Bg5 c6 12. Qd2 Qc7 13. Rad1 Re8 14. f3 Qb6 15. Be3 a4 16. Qf2 Qa5 17. Nc2 Bf8 18. Bd4 Ncd7 19. h3 Bg7 20. Be3 Bf8 21. g4 h5 22. g5 Nh7 23. f4 f6 24. h4 Nc5 25. f5 Nxe4 26. Nxe4 Rxe4 27. fxg6 Nxg5 28. Bxg5 Rg4+ 29. Bg2 d5 30. Qxf6 Bc5+ 31. Kh1 1-0

[Event "Elitserien Allsvenskan 2018-19"]
[Site "Sweden"]
[Date "2019.03.30"]
[Round "8.8"]
[White "Kretz, Johan"]
[Black "Haubro, Martin"]
[Result "1-0"]
[ECO "D43"]
[WhiteElo "2207"]
[BlackElo "2358"]
[Annotator "NA"]
[PlyCount "99"]
[EventDate "2018.11.09"]
[EventType "team-tourn"]
[EventCountry "SWE"]
[SourceTitle "playchess.com"]
[Source "ChessBase"]
[SourceQuality "1"]
[TimeControl "40/5400+30:1800+30"]

1. d4 d5 2. c4 e6 3. Nf3 Nf6 4. Nc3 c6 5. Bg5 h6 6. Bxf6 Qxf6 7. Qb3 dxc4 8. Qxc4 b5 {[%emt 0:00:11] D43: Semi-Slav: 5 Bg5 h6} (8... Nd7 9. e3 Qe7 10. Be2 g6 11. Ne5 Bg7 12. f4 O-O 13. Ne4 Nb6 14. Qb3 Nd5 15. O-O Qb4 16. Qxb4 Nxb4 17. Rfc1 {½-½ (50) Aronian,L (2805)-Fedoseev,V (2718) Riadh 2017}) 9. Qb3 Nd7 10. g3 b4 11. Na4 Be7 $146 ({Predecessor:} 11... Ba6 12. Bg2 Rc8 13. Rc1 Be7 14. Nc5 Nxc5 15. dxc5 O-O {½-½ (28) Loncar,R (2425)-Genovese,M (2285) Bernate 1999}) 12. Bg2 O-O 13. O-O Ba6 14. Rac1 Rac8 15. Qe3 Bb5 16. Ne5 Rfd8 17. b3 Nb8 18. Nc5 Bxc5 19. Rxc5 Qe7 20. Rfc1 Qd6 21. Qe4 f6 22. Nc4 Bxc4 23. R1xc4 Rc7 24. e3 Rdc8 25. Qc2 Kh8 26. h4 Kg8 27. d5 exd5 28. Bxd5+ Kh8 29. Bf3 Kg8 30. h5 Kh8 31. Qf5 Nd7 32. Be4 Nf8 33. Rxb4 Qd2 34. Rd4 Qxa2 35. b4 Qg8 36. Rd6 Qb3 37. b5 a5 38. Rdxc6 Rxc6 39. Rxc6 Rd8 40. Kh2 a4 41. Rc8 Rxc8 42. Qxc8 Qb4 {[%emt 0:00:09] [#]} 43. b6 $1 Qxe4 44. b7 Qf3 45. b8=Q Qxf2+ 46. Kh3 Qf1+ 47. Kh4 Qh1+ 48. Kg4 Qe4+ 49. Qf4 f5+ 50. Qcxf5 1-0

[Event "Elitserien Allsvenskan 2018-19"]
[Site "Sweden"]
[Date "2019.03.30"]
[Round "8.8"]
[White "Thornert, Hakan"]
[Black "Namini, Armin"]
[Result "0-1"]
[ECO "B34"]
[WhiteElo "2191"]
[BlackElo "2210"]
[Annotator "NA"]
[PlyCount "136"]
[EventDate "2018.11.09"]
[EventType "team-tourn"]
[EventCountry "SWE"]
[SourceTitle "playchess.com"]
[Source "ChessBase"]
[SourceQuality "1"]
[TimeControl "40/5400+30:1800+30"]

1. e4 c5 2. Nc3 Nc6 3. Nge2 g6 4. d4 cxd4 5. Nxd4 Bg7 6. Be3 Nf6 7. Nxc6 bxc6 8. e5 Ng8 9. Bd4 Qa5 10. e6 Nf6 11. exf7+ Kxf7 12. Bc4+ {[%emt 0:00:46] B34: Sicilian: Accelerated Dragon with 5 Nc3: sidelines} d5 13. Bb3 Re8 (13... Ba6 14. Qd2 e5 15. Bxe5 Rhe8 16. f4 Bh6 17. Qd4 Ng4 18. h3 Nxe5 19. fxe5 Rxe5+ 20. Qxe5 Re8 21. Qxe8+ Kxe8 22. Rd1 Qc5 23. Ne2 Qe3 24. c4 dxc4 25. Ba4 c3 26. Bxc6+ Ke7 {0-1 (26) Marholev,D (2407)-Georgiev,K (2651) Plovdiv 2003}) 14. Be5 Kg8 15. O-O Be6 $146 ({Predecessor:} 15... e6 16. Qd4 Qb6 17. Qh4 Nd7 18. Bxg7 Kxg7 19. Na4 Qd8 20. Qxd8 Rxd8 {½-½ (59) Chebotarev,O (2425)-Kosintseva,T (2358) Vladimir 2002}) 16. Re1 Bf7 17. Qf3 Nd7 18. Bxg7 Kxg7 19. Rad1 Rad8 20. h4 Nf6 21. Re5 Qc7 22. Rde1 h5 23. g3 (23. Qh3 $11) 23... Ng4 24. Rg5 e5 25. Ne2 c5 26. c4 e4 27. Qf4 Ne5 28. Kf1 Qe7 29. cxd5 Nf3 30. Nc3 Nxe1 31. Kxe1 Qf6 32. Qe3 Qd4 33. Qe2 Re5 34. Rxe5 Qxe5 35. Kf1 Re8 36. Kg2 e3 37. f3 Qd4 38. Kf1 Qd2 39. Ne4 Qc1+ 40. Kg2 Rd8 41. Nc3 a5 42. Nd1 Qd2 43. Kf1 Bxd5 44. Bxd5 Rxd5 45. Nxe3 Qc1+ 46. Qe1 Qxe1+ 47. Kxe1 Rd4 48. Ke2 (48. Nc2 {is a better defense.} Rd8 49. Ne3) 48... a4 49. Nc2 Rd8 50. Na3 Kf6 51. Nc4 Rd4 52. Nd2 Ke6 (52... c4 $142 53. Nb1 Rd3) 53. Ke3 Kd5 54. b3 Rb4 55. Kd3 axb3 56. axb3 Rb8 57. Ke3 Rd8 58. Ne4 Kc6 59. Kf4 Rd3 60. Kg5 Rxf3 61. Kxg6 Rxb3 62. Kxh5 Kd5 $19 63. Nxc5 Kxc5 64. g4 Kd6 65. g5 Ke7 66. g6 Kf8 67. Kh6 Kg8 68. h5 Rb5 0-1